 Dungeon Crawl Stone Soup version 0.20-a0-455-gc3b7d50 (webtiles) character file.

10 M4edhros the Grave Robber (level 2, -2/17 HPs)
             Began as an Octopode Necromancer on Jan 9, 2017.
             Slain by Sigmund
             ... wielding a +1 vampiric scythe
              (15 damage)
             ... on level 4 of the Dungeon.
             The game lasted 00:01:22 (213 turns).

M4edhros the Grave Robber (Octopode Necromancer)     Turns: 213, Time: 00:01:23

Health: -2/17      AC:  1    Str:  7    XL:     2   Next: 20%
Magic:  5/5        EV: 13    Int: 17    God:
Gold:   40         SH:  0    Dex: 12    Spells: 4/5 levels left

rFire  . . .     SeeInvis .       - Unarmed
rCold  . . .     Gourm    .     (no shield)
rNeg   . . .     Faith    .     (helmet restricted)
rPois  .         Spirit   .     (no amulet)
rElec  .         Reflect  .     (no ring)
rCorr  .         Harm     .     (no ring)
MR     .....                    (no ring)
Stlth  +++.......               (no ring)
                                (no ring)
                                (no ring)
                                (no ring)
                                (no ring)

@: very slightly contaminated
A: almost no armour, stealthy swim, amphibious, 8 rings, constrict 8, camouflage
1, gelatinous body 1
a: no special abilities


You were on level 4 of the Dungeon.
You were not hungry.

You visited 1 branch of the dungeon, and saw 4 of its levels.

You collected 40 gold pieces.

Inventory:

Wands
 e - a wand of confusion (30/48)
Potions
 d - a potion of curing {unknown}
Books
 a - a book of Necromancy

   Spells                             Type                      Level
   a - Pain                           Necromancy                   1
   b - Animate Skeleton               Necromancy                   1
   c - Vampiric Draining              Necromancy                   3
   d - Regeneration                   Charms/Necromancy            3
   e - Animate Dead                   Necromancy                   4
   f - Control Undead                 Necromancy                   4
Comestibles
 b - a bread ration


   Skills:
 - Level 2.0 Dodging
 - Level 2.6 Stealth
 + Level 1.8 Unarmed Combat
 - Level 2.0 Spellcasting
 - Level 4.0 Necromancy


You had 4 spell levels left.
You knew the following spells:

 Your Spells              Type           Power        Failure   Level  Hunger
a - Pain                  Necr           ###.         3%          1    #......


Dungeon Overview and Level Annotations

Branches:
Dungeon (4/15)
 Temple: D:4-7

Altars:

Shops:
D:4 ((

Annotations:
D:4 Sigmund


Innate Abilities, Weirdness & Mutations

You cannot wear most types of armour.
You are very stealthy in the water. (Stealth+)
You are amphibious.
You can wear up to eight rings at the same time.
You can use your tentacles to constrict eight enemies at once.
Your skin changes colour to match your surroundings (Stealth+).
Your rubbery body absorbs attacks. (AC +1, EV +1)


Message History

Sigmund struggles to escape constriction.
You tentacle-slap Sigmund.
Sigmund is lightly wounded.
You constrict Sigmund. You tentacle-slap Sigmund.
Sigmund is moderately wounded.
You constrict Sigmund. You tentacle-slap Sigmund. You squeeze Sigmund.
Sigmund is heavily wounded.
You constrict Sigmund.
Sigmund escapes!
Found 60 gold pieces.
Found a stone staircase leading up.
Found an iron ring and 13 gold pieces.
Found 13 gold pieces.
Sigmund seems less confused.
Sigmund closely misses you.
You tentacle-slap Sigmund. You grab Sigmund.
Sigmund is severely wounded.
You constrict Sigmund, but do no damage.
Sigmund hits you with a vampiric scythe!
Ouch! That really hurt!
You die...

#...##..#.###
.............
#####.....#..##
......#..###
####.......##
.....#..#......
###..#..#.####.
#.=...#.####
#.......@@.+
#$$$.#..$####
#$∩$.#.#.#
.<$$$......
###.#.###.#.
#... ###.# ###
#


You could see Sigmund.

Vanquished Creatures
  An orc (D:3)
  A giant cockroach (D:4)
  4 goblins (D:3)
  A bat (D:3)
  A rat (D:1)
8 creatures vanquished.

Notes
Turn   | Place    | Note
-------+----------+-------------------------------------------
     0 | D:1      | M4edhros the Octopode Necromancer began the quest for the Orb.
     0 | D:1      | Reached XP level 1. HP: 11/11 MP: 3/3
    48 | D:3      | Reached skill level 1 in Unarmed Combat
    75 | D:3      | Reached XP level 2. HP: 9/17 MP: 0/5
   176 | D:4      | Found Fiagulur's Antique Weapon Emporium.
   178 | D:4      | Noticed Sigmund
   199 | D:4      | Found Peps's Antique Weapon Shop.
   213 | D:4      | Slain by Sigmund

Vault maps used:
D:1:      onia_arrival_handbag
D:2:      uniq_crazy_yiuf_cottage, uniq_iyjb
D:3:      old_standard_altar, okawaru_ov_weapons_minmay
D:4:      portal_sewer_entry_b, first_bread, serial_shops, shop, shop_coins,
          kennysheep_mini_moat, shop, chei_slow_surprise, uniq_sigmund

Skill      XL: |  1 |
---------------+----+-----
Unarmed Combat | 1 |  1.8
Dodging        | |  2.0
Stealth        | |  2.6
Spellcasting   | |  2.0
Necromancy     | |  4.0

Action                   || total
-------------------------++-------
Melee: Unarmed           ||    12
       Tentacles         ||     4
       Constrict         ||     3
 Cast: Pain              ||     9
Evoke: Wand              ||     1
  Use: Scroll            ||     1
 Stab: Sleeping          ||     1
Dodge: Dodged            ||     2
